[ AOE2 MATCH · #471958195 ]
1v1 RMRomans vs Sicilians
Player's team · WIN
Rival team · LOSS
[ REPLAY ANALYSIS · EXTRACTED FROM THE RECORDED GAME ]
Feudal
11:57
Castle
15:34
Imperial
29:23
| APM avg | 21.4 |
| APM peak | 60 |
| eAPM avg | 12.3 |
| Villagers / military | 106 / 151 |
Focus
⚔️ 24.0% · 🌾 76.0%
Scorpion ×94 · Scout Cavalry ×52 · Trebuchet (Packed) ×3 · Monk ×2
Feudal
10:37
Castle
14:49
Imperial
33:14
| APM avg | 15.7 |
| APM peak | 31 |
| eAPM avg | 12.4 |
| Villagers / military | 108 / 43 |
Focus
⚔️ 22.6% · 🌾 77.4%
Knight ×40 · Mangonel ×2 · Monk ×1
Match map
Initial resources + every placement click. Lines = walls · curves = elevation contours. ◆ gold · ⬟ stone · ● berries · ✦ relic · ◌ wall gap
Your base· ✓ Closed at 15:34 · 0t walls · 2 gate(s)
Gil-Galad's base· ✓ Closed at 14:49 · 0t walls · 2 gate(s)
Smoothed initial terrain · ◌ = detected wall gap · hover for details
Inputs per minute
— Harmonizado - - Gil-Galad
Build order — Harmonizado
First 150 of 296 actions detected
| 0:00 | Create | Villager (Male) |
| 0:01 | Create | Villager (Male) |
| 0:01 | Create | Villager (Male) |
| 0:01 | Create | Villager (Male) |
| 0:03 | Build | House |
| 0:04 | Build | House |
| 1:22 | Create | Villager (Male) |
| 1:54 | Create | Villager (Male) |
| 1:55 | Create | Villager (Male) |
| 1:57 | Build | Lumber Camp |
| 2:22 | Create | Villager (Male) |
| 2:51 | Create | Villager (Male) |
| 2:52 | Create | Villager (Male) |
| 2:52 | Create | Villager (Male) |
| 4:36 | Create | Villager (Male) |
| 4:37 | Create | Villager (Male) |
| 4:37 | Create | Villager (Male) |
| 4:37 | Create | Villager (Male) |
| 4:52 | Build | House |
| 4:53 | Build | House |
| 5:35 | Build | Mill |
| 6:27 | Create | Villager (Male) |
| 6:27 | Create | Villager (Male) |
| 6:28 | Create | Villager (Male) |
| 6:58 | Build | Mining Camp |
| 7:36 | Create | Villager (Male) |
| 7:37 | Create | Villager (Male) |
| 7:37 | Create | Villager (Male) |
| 7:37 | Create | Villager (Male) |
| 8:11 | Build | Farm |
| 8:11 | Build | Farm |
| 8:13 | Build | Farm |
| 8:27 | Create | Villager (Male) |
| 9:20 | Research | Feudal Age |
| 10:03 | Build | House |
| 10:31 | Create | Villager (Male) |
| 10:31 | Create | Villager (Male) |
| 11:57 | Age | Feudal Age |
| 12:06 | Build | Market |
| 12:14 | Build | Blacksmith |
| 12:54 | Research | Castle Age |
| 12:55 | Research | Castle Age |
| 13:20 | Research | Double-Bit Axe |
| 13:22 | Research | Horse Collar |
| 13:46 | Create | Villager (Male) |
| 13:46 | Create | Villager (Male) |
| 13:47 | Create | Villager (Male) |
| 13:54 | Build | House |
| 14:00 | Build | House |
| 15:30 | Create | Villager (Male) |
| 15:31 | Create | Villager (Male) |
| 15:31 | Create | Villager (Male) |
| 15:34 | Age | Castle Age |
| 15:41 | Build | Monastery |
| 15:50 | Build | Town Center |
| 16:01 | Research | Heavy Plow |
| 16:03 | Research | Bow Saw |
| 16:10 | Build | Town Center |
| 16:28 | Create | Monk |
| 16:28 | Create | Monk |
| 16:47 | Create | Villager (Male) |
| 16:47 | Create | Villager (Male) |
| 16:47 | Create | Villager (Male) |
| 18:01 | Build | Town Center |
| 18:10 | Create | Villager (Male) |
| 18:10 | Create | Villager (Male) |
| 18:17 | Build | Farm |
| 18:17 | Build | Farm |
| 18:17 | Build | Farm |
| 18:26 | Build | Farm |
| 18:35 | Build | Farm |
| 18:39 | Build | Farm |
| 18:46 | Create | Villager (Male) |
| 18:52 | Build | Farm |
| 18:54 | Build | Farm |
| 19:07 | Build | Farm |
| 19:11 | Build | Farm |
| 19:37 | Create | Villager (Male) |
| 19:37 | Create | Villager (Male) |
| 19:38 | Create | Villager (Male) |
| 19:38 | Create | Villager (Male) |
| 19:48 | Build | Farm |
| 19:49 | Build | Farm |
| 19:57 | Build | Farm |
| 19:57 | Build | Farm |
| 19:57 | Build | Farm |
| 20:04 | Create | Villager (Male) |
| 20:04 | Create | Villager (Male) |
| 20:04 | Create | Villager (Male) |
| 20:27 | Build | Farm |
| 20:29 | Create | Villager (Male) |
| 20:29 | Create | Villager (Male) |
| 20:29 | Create | Villager (Male) |
| 20:49 | Build | House |
| 20:51 | Build | House |
| 20:52 | Build | House |
| 20:55 | Create | Villager (Male) |
| 20:55 | Create | Villager (Male) |
| 21:06 | Build | Farm |
| 21:07 | Build | Farm |
| 21:07 | Build | Farm |
| 21:07 | Build | Farm |
| 21:08 | Build | Farm |
| 21:24 | Build | Town Center |
| 21:47 | Create | Villager (Male) |
| 21:48 | Create | Villager (Male) |
| 21:48 | Create | Villager (Male) |
| 21:48 | Create | Villager (Male) |
| 21:49 | Create | Villager (Male) |
| 21:50 | Create | Villager (Male) |
| 21:50 | Create | Villager (Male) |
| 21:50 | Create | Villager (Male) |
| 22:06 | Build | Farm |
| 22:06 | Build | Farm |
| 22:15 | Research | Gold Mining |
| 22:15 | Research | Stone Mining |
| 22:54 | Research | Wheelbarrow |
| 22:55 | Create | Villager (Male) |
| 22:55 | Create | Villager (Male) |
| 22:55 | Create | Villager (Male) |
| 22:56 | Create | Villager (Male) |
| 23:03 | Build | Farm |
| 23:17 | Create | Villager (Male) |
| 23:18 | Create | Villager (Male) |
| 23:18 | Create | Villager (Male) |
| 23:19 | Create | Villager (Male) |
| 23:19 | Create | Villager (Male) |
| 23:36 | Create | Villager (Male) |
| 23:36 | Create | Villager (Male) |
| 23:37 | Create | Villager (Male) |
| 23:38 | Create | Villager (Male) |
| 24:17 | Build | Siege Workshop |
| 24:23 | Build | University |
| 24:26 | Create | Villager (Male) |
| 24:26 | Create | Villager (Male) |
| 24:27 | Create | Villager (Male) |
| 24:36 | Build | House |
| 24:38 | Build | House |
| 24:39 | Build | House |
| 24:41 | Build | House |
| 24:43 | Build | House |
| 24:45 | Build | House |
| 24:47 | Build | House |
| 24:48 | Build | House |
| 24:51 | Create | Villager (Male) |
| 24:51 | Create | Villager (Male) |
| 24:51 | Create | Villager (Male) |
| 24:59 | Create | Villager (Male) |
| 24:59 | Create | Villager (Male) |
| 25:00 | Create | Villager (Male) |
Build order — Gil-Galad
First 150 of 287 actions detected
| 0:02 | Create | Villager (Male) |
| 0:02 | Create | Villager (Male) |
| 0:02 | Create | Villager (Male) |
| 0:04 | Build | House |
| 0:06 | Build | House |
| 0:12 | Create | Villager (Male) |
| 0:12 | Create | Villager (Male) |
| 1:27 | Create | Villager (Male) |
| 1:56 | Create | Villager (Male) |
| 1:57 | Create | Villager (Male) |
| 2:31 | Create | Villager (Male) |
| 2:58 | Create | Villager (Male) |
| 2:58 | Create | Villager (Male) |
| 3:05 | Build | Lumber Camp |
| 3:08 | Create | Villager (Male) |
| 3:31 | Create | Villager (Male) |
| 3:32 | Create | Villager (Male) |
| 3:40 | Build | House |
| 3:42 | Build | House |
| 4:11 | Create | Villager (Male) |
| 4:44 | Create | Villager (Male) |
| 4:45 | Create | Villager (Male) |
| 5:11 | Create | Villager (Male) |
| 5:11 | Create | Villager (Male) |
| 5:56 | Create | Villager (Male) |
| 5:56 | Create | Villager (Male) |
| 6:47 | Create | Villager (Male) |
| 6:47 | Create | Villager (Male) |
| 6:48 | Create | Villager (Male) |
| 6:49 | Create | Villager (Male) |
| 6:49 | Create | Villager (Male) |
| 7:00 | Build | Mill |
| 8:26 | Research | Feudal Age |
| 8:52 | Build | House |
| 8:54 | Build | House |
| 8:55 | Build | House |
| 9:53 | Build | Mining Camp |
| 10:01 | Create | Villager (Male) |
| 10:01 | Create | Villager (Male) |
| 10:37 | Age | Feudal Age |
| 10:51 | Build | Market |
| 11:10 | Build | Blacksmith |
| 12:09 | Research | Castle Age |
| 12:10 | Research | Castle Age |
| 12:24 | Build | House |
| 12:26 | Build | House |
| 12:27 | Build | House |
| 12:28 | Build | House |
| 12:30 | Build | House |
| 12:32 | Build | House |
| 13:07 | Research | Wheelbarrow |
| 13:08 | Research | Loom |
| 13:09 | Create | Villager (Male) |
| 13:32 | Research | Double-Bit Axe |
| 14:03 | Research | Horse Collar |
| 14:49 | Age | Castle Age |
| 15:03 | Build | Town Center |
| 15:18 | Build | Farm |
| 15:38 | Create | Villager (Male) |
| 15:53 | Create | Villager (Male) |
| 16:25 | Build | Town Center |
| 16:39 | Build | Farm |
| 16:40 | Create | Villager (Male) |
| 16:53 | Build | Farm |
| 16:54 | Build | Farm |
| 17:05 | Build | Farm |
| 17:12 | Build | Farm |
| 17:43 | Build | Farm |
| 17:52 | Create | Villager (Male) |
| 18:03 | Build | Monastery |
| 18:14 | Create | Villager (Male) |
| 18:34 | Build | Farm |
| 18:36 | Build | Farm |
| 18:41 | Create | Villager (Male) |
| 18:44 | Build | Farm |
| 18:45 | Create | Villager (Male) |
| 18:52 | Create | Monk |
| 19:27 | Create | Villager (Male) |
| 19:34 | Build | Farm |
| 19:35 | Create | Villager (Male) |
| 19:41 | Build | Barracks |
| 19:42 | Create | Villager (Male) |
| 19:51 | Build | Lumber Camp |
| 19:52 | Create | Villager (Male) |
| 20:24 | Create | Villager (Male) |
| 20:25 | Create | Villager (Male) |
| 20:25 | Create | Villager (Male) |
| 20:30 | Build | Farm |
| 20:39 | Build | Farm |
| 20:40 | Create | Villager (Male) |
| 20:52 | Create | Villager (Male) |
| 21:03 | Create | Villager (Male) |
| 21:08 | Build | Farm |
| 21:15 | Build | Farm |
| 21:16 | Create | Villager (Male) |
| 21:27 | Build | Farm |
| 21:34 | Create | Villager (Male) |
| 21:34 | Create | Villager (Male) |
| 21:42 | Build | Farm |
| 21:57 | Build | Farm |
| 22:00 | Create | Villager (Male) |
| 22:00 | Create | Villager (Male) |
| 22:02 | Create | Villager (Male) |
| 22:08 | Build | Farm |
| 22:23 | Build | Castle |
| 22:39 | Create | Villager (Male) |
| 22:46 | Build | Farm |
| 22:47 | Create | Villager (Male) |
| 22:51 | Create | Villager (Male) |
| 22:52 | Create | Villager (Male) |
| 22:53 | Research | Town Watch |
| 22:54 | Create | Villager (Male) |
| 23:03 | Create | Villager (Male) |
| 23:08 | Build | Farm |
| 23:09 | Create | Villager (Male) |
| 23:15 | Create | Villager (Male) |
| 23:21 | Build | Farm |
| 23:24 | Create | Villager (Male) |
| 23:33 | Build | Stable |
| 23:36 | Build | Stable |
| 23:49 | Create | Villager (Male) |
| 23:52 | Build | Farm |
| 23:55 | Research | Bow Saw |
| 24:10 | Build | Mining Camp |
| 24:34 | Build | Farm |
| 24:37 | Create | Villager (Male) |
| 24:38 | Create | Villager (Male) |
| 24:43 | Create | Villager (Male) |
| 24:44 | Create | Villager (Male) |
| 24:45 | Create | Villager (Male) |
| 24:46 | Create | Villager (Male) |
| 24:47 | Create | Villager (Male) |
| 24:48 | Create | Villager (Male) |
| 24:48 | Create | Villager (Male) |
| 24:48 | Create | Villager (Male) |
| 24:51 | Create | Villager (Male) |
| 25:01 | Create | Villager (Male) |
| 25:02 | Create | Villager (Male) |
| 25:08 | Build | Town Center |
| 25:16 | Create | Villager (Male) |
| 25:25 | Create | Villager (Male) |
| 25:25 | Create | Villager (Male) |
| 25:27 | Create | Villager (Male) |
| 25:35 | Create | Villager (Male) |
| 25:51 | Create | Villager (Male) |
| 25:52 | Create | Villager (Male) |
| 25:53 | Create | Villager (Male) |
| 25:54 | Create | Villager (Male) |
| 26:12 | Build | Town Center |
| 26:13 | Create | Villager (Male) |
Match timeline
| 10:37 | Gil-Galad · age_up feudal |
| 11:57 | Harmonizado · age_up feudal |
| 14:49 | Gil-Galad · age_up castle |
| 15:34 | Harmonizado · age_up castle |
| 15:41 | Harmonizado · first_building Monastery |
| 18:03 | Gil-Galad · first_building Monastery |
| 19:41 | Gil-Galad · first_building Barracks |
| 22:23 | Gil-Galad · first_building Castle |
| 23:33 | Gil-Galad · first_building Stable |
| 24:17 | Harmonizado · first_building Siege Workshop |
| 25:59 | Harmonizado · first_market_buy 100 food |
| 28:11 | Harmonizado · first_building Castle |
| 29:23 | Harmonizado · age_up imperial |
| 30:47 | Harmonizado · first_building Barracks |
| 32:27 | Harmonizado · first_building Stable |
| 33:14 | Gil-Galad · age_up imperial |
| 35:54 | Gil-Galad · first_building Siege Workshop |
| 39:41 | Gil-Galad · resign |
[ AI ANALYSIS · 1 CREDIT ]
What really happened in this match?
Wolo.gg analyzes every decision: build order, eco, micro, common mistakes by bracket. Personalized analysis on WhatsApp or Discord in 30 seconds.
Civ guide
Romans
Map guide
Arena
Perfil
Harmonizado